Map: Ulrena

Players

zidar - Winner!

  • Race: Zerg Zerg
  • League: Gold
  • Spawn Location: 11:00

Grobian

  • Race: Zerg Zerg
  • League: Silver
  • Spawn Location: 7:00

VOD

Have the link to the VOD?

Description

Time

  • Played on: June 4, 2016, 1:16 p.m.
  • Length: 6:48
Show
View Real Time Build Order
Export as new Build Order

zidar Zerg - Winner!

Build Orders: Pool First 

Get SALT Encoding   

  12  0:02  Drone  
  13  0:12  Overlord  
  13  0:18  Drone  
  14  0:30  Drone x2  
  14  0:35  Drone  
  17  0:48  Spawning Pool  
  16  0:51  Drone  
  17  1:16  Hatchery  
  17  1:17  Drone  
  17  1:21  Drone  
  17  1:24  Extractor  
  17  1:27  Drone  
  18  1:41  Zergling x2  
  18  1:42  Zergling x2  
  20  1:49  Queen  
  22  2:14  Overlord x2  
  21  2:45  Zergling x10  
  21  2:48  Metabolic Boost  
  26  2:51  Queen  
  28  3:04  Zergling x6  
  31  3:32  Roach Warren  
  30  3:42  Zergling x2  
  30  3:43  Zergling x10  
  30  4:12  Zergling x14  
  31  4:25  Roach x2  
  31  4:30  Overlord x2  
  35  4:38  Overlord  
  35  4:52  Roach x2  
  39  4:54  Roach  
  41  5:00  Drone  
  41  5:01  Drone  
  41  5:05  Drone  
  44  5:20  Roach x2  
  42  5:21  Zergling x2  
  39  5:35  Roach x2  
  43  5:37  Roach  
  45  5:50  Drone x4  
  45  6:31  Drone x9  
Show
View Real Time Build Order
Export as new Build Order

Grobian Zerg 

Build Orders: Pool First 

Get SALT Encoding   

  12  0:04  Drone  
  13  0:14  Overlord  
  13  0:21  Drone  
  14  0:30  Overlord  
  14  0:33  Drone  
  15  0:37  Drone  
  16  0:45  Extractor  
  15  0:54  Spawning Pool  
  14  1:09  Drone x2  
  16  1:22  Drone x2  
  18  1:45  Spine Crawler  
  18  1:47  Drone x2  
  19  1:59  Queen  
  19  2:00  Drone  
  22  2:08  Zergling x2  
  23  2:15  Roach Warren  
  22  2:16  Overlord  
  22  2:32  Zergling x2  
  23  2:46  Zergling x2  
  24  2:52  Extractor  
  24  2:57  Roach  
  25  3:09  Spore Crawler  
  25  3:10  Hatchery  
  25  3:12  Roach x4  
  31  3:36  Roach  
  31  3:37  Roach, Evolution Chamber  
  34  3:50  Roach  
  34  3:53  Lair  
  33  4:23  Roach x4  
  41  4:26  Queen  
  43  4:34  Zerg Missile Weapons Level 1  
  43  4:51  Overlord x2  
  43  5:20  Roach x3  
  43  5:21  Roach  
  27  5:41  Roach x2  
  32  5:57  Drone x4  
  32  6:00  Drone  
  26  6:22  Roach x3  
Tags
 
Matchup
ZvZ
Race
Zerg
Spawn Locations
Close Positions
Add a new tag
Caveats
  • Supply blocks, unpowered buildings, or Contaminate may cause inaccurate times.
  • Supply counts are checked every 10 seconds.